 Dungeon Crawl Stone Soup version 0.22-a0-247-gbddf880 (webtiles) character file.

4 Amnesiac the Charlatan (level 1, 0/11 HPs)
             Began as a Deep Elf Artificer on Feb 25, 2018.
             Killed from afar by a dart slug (5 damage)
             ... with a slug dart
             ... on level 1 of the Dungeon.
             The game lasted 00:00:36 (142 turns).

Amnesiac the Charlatan (Deep Elf Artificer)          Turns: 142, Time: 00:00:36

Health: 0/11       AC:  3    Str:  9    XL:     1   Next: 58%
Magic:  5/5        EV: 12    Int: 15    God:
Gold:   0          SH:  0    Dex: 15    Spells: 0/0 levels left

rFire    . . .     SeeInvis .   a - +0 short sword
rCold    . . .     Gourm    .   (no shield)
rNeg     . . .     Faith    .   b - +0 leather armour
rPois    .         Spirit   .   (no helmet)
rElec    .         Reflect  .   (no cloak)
rCorr    .         Harm     .   (no gloves)
MR       .....                  (no boots)
Stlth    ++........             (no amulet)
HPRegen  0.03/turn              (no ring)
MPRegen  0.09/turn              (no ring)

@: no status effects
A: no striking features
a: no special abilities


You were on level 1 of the Dungeon.
You were not hungry.

You visited 1 branch of the dungeon, and saw 1 of its levels.

Inventory:

Hand Weapons
 a - a +0 short sword (weapon)
Missiles
 j - 7 tomahawks (quivered)
 k - 25 stones
Armour
 b - a +0 leather armour (worn)
Wands
 c - a wand of flame (15)
 d - a wand of enslavement (15)
 e - a wand of random effects (15)
Scrolls
 h - a scroll of enchant armour {!r, unknown}
 l - a scroll of remove curse {!r, unknown}
Potions
 i - 2 potions of heal wounds {!q, unknown}
Comestibles
 f - a ration
 g - 4 chunks of flesh


   Skills:
 - Level 0.7 Fighting
 - Level 1.0 Short Blades
 - Level 2.4 Dodging
 - Level 1.2 Stealth
 + Level 3.7 Evocations


You couldn't memorise any spells.
You didn't know any spells.

Dungeon Overview and Level Annotations

Branches:
Dungeon (1/15)

Altars:


Message History

A ball python comes into view.
The ball python hisses angrily.
You barely miss the ball python. The ball python misses you.
The ball python closely misses you.
Your leather armour prevents you from hitting the ball python.
The ball python closely misses you. The ball python barely misses you.
You barely miss the ball python. The ball python closely misses you.
The ball python barely misses you.
You barely miss the ball python. The ball python closely misses you.
The ball python barely misses you. The ball python closely misses you.
The ball python barely misses you.
You hit the ball python but do no damage.
The ball python bites you but does no damage.
The ball python closely misses you.
You barely miss the ball python.
The ball python bites you but does no damage.
The ball python closely misses you.
You hit the ball python.
You kill the ball python!
No target in view!
No target in view!
A rat comes into view.
The rat moves out of view.
Found a scroll labeled INI HE GUNK.
You closely miss the rat. The rat bites you.
You hit the rat.
The rat is moderately wounded.
The rat closely misses you.
You hit the rat.
You kill the rat!
No target in view!
Found a dagger.
l - a scroll labeled INI HE GUNK {!r} A kobold comes into view.
It is wielding a short sword.
A bat comes into view.
The kobold shouts!
The bat misses you. The kobold hits you with a short sword.
* * * LOW HITPOINT WARNING * * *
You see here a dagger.
The bat misses you. The kobold barely misses you. The bat barely misses you.
The bat completely misses you. The bat hits you.
* * * LOW HITPOINT WARNING * * *
The bat closely misses you.
You miss the bat. The bat closely misses you.
You hit the bat but do no damage. The bat barely misses you.
The bat closely misses you.
You hit the bat but do no damage. The bat closely misses you.
Unknown command.
Unknown command.
Unknown command.
Unknown command.
The bat barely misses you. The bat hits you but does no damage.
A dart slug comes into view.
The bat hits you but does no damage.
A goblin comes into view. It is wielding a club.
The goblin shouts!
The bat hits you but does no damage. The bat barely misses you.
The dart slug launches a dart at you. The slug dart hits you!
You die...

######### #........
#........
########........
#.K....)........
#########.#####...######
..gw...@.b# #..........#
########### #.##.......#
... #.......# ###
##.......# ###........#
#..........#
#.##.......# #.
#.......# #####.
#..†....#


You could see a dart slug, a goblin, a bat and a kobold.

Vanquished Creatures
  A ball python (D:1)
  A bat (D:1)
  A hobgoblin (D:1)
  A rat (D:1)
4 creatures vanquished.

Notes
Turn   | Place    | Note
-------+----------+-------------------------------------------
     0 | D:1      | Amnesiac the Deep Elf Artificer began the quest for the Orb.
     0 | D:1      | Reached XP level 1. HP: 11/11 MP: 5/5
   142 | D:1      | Killed from afar by a dart slug

Vault maps used:
D:1:      dpeg_arrival_court

Action                   || total
-------------------------++-------
Melee: Short sword       ||    23
 Stab: Sleeping          ||     1
Armor: Leather armour    ||     8
Dodge: Dodged            ||    29

Table legend:
 A = Spawn XP
 B = Non-spawn XP
 C = Spawn XP percentage of total XP
 D = Spawn monster count
 E = Non-spawn monster count
 F = Spawn count percentage of total count
 G = Total turns spent on level
                    A         B        C        D         E        F      G
               +---------+---------+-------+---------+---------+-------+---------
         Total |       0 |       7 |   0.0 |       0 |       4 |   0.0 |   142
               +---------+---------+-------+---------+---------+-------+---------
           D:1 |       0 |       7 |   0.0 |       0 |       4 |   0.0 |   142
               +---------+---------+-------+---------+---------+-------+---------
